 Dungeon Sprint DCSS version 0.24.0-125-gc4c63601f3 (webtiles) character file.

Game seed: 13935836154110936491, levelgen mode: deterministic

721 Ponchio the Geomancer (level 7, -12/44 HPs)
             Began as a Deep Elf Earth Elementalist on Feb 21, 2020.
             Mangled by a tyrant leech (17 damage)
             ... in the Dungeon (Sprint II: "The Violet Keep of Menkaure").
             The game lasted 00:04:34 (559 turns).

Ponchio the Geomancer (Deep Elf Earth Elementalist)  Turns: 559, Time: 00:04:34

Health: -12/44     AC:  2    Str:  5    XL:     7   Next: 43%
Magic:  1/24       EV: 16    Int: 22    God:
Gold:   486        SH:  0    Dex: 15    Spells: 14/29 levels left

rFire    . . .     SeeInvis .   (no weapon)
rCold    . . .     Gourm    .   (no shield)
rNeg     . . .     Faith    .   c - +0 robe
rPois    .         Spirit   .   (no helmet)
rElec    .         Reflect  .   (no cloak)
rCorr    .         Harm     .   (no gloves)
MR       .....     NoTele   +   (no boots)
Stlth    ++........             (no amulet)
HPRegen  0.14/turn              (no ring)
MPRegen  0.19/turn              (no ring)

@: no status effects
A: no striking features
a: no special abilities


You were in the Dungeon.
You were not hungry.

You visited 1 branch You collected 486 gold pieces.

Inventory:

Missiles
 b - 11 stones (quivered)
Armour
 c - a +0 robe (worn)
Scrolls
 j - a scroll of blinking
Potions
 e - a potion of curing
 g - a potion of haste
 h - 2 potions of magic
 i - a potion of berserk rage
Comestibles
 d - a ration


   Skills:
 * Level 5.2 Fighting
 + Level 5.9 Dodging
 - Level 2.4 Stealth
 + Level 11.9 Spellcasting
 - Level 1.1 Transmutations
 - Level 12.3 Earth Magic


You had 14 spell levels left.
You knew the following spells:

 Your Spells              Type           Power        Failure   Level  Hunger
a - Sandblast             Erth           ######       1%          1    None
b - Passwall              Tmut/Erth      #####...     1%          2    None
c - Stone Arrow           Conj/Erth      #####.       1%          3    None
d - Petrify               Tmut/Erth      #####...     3%          4    None
e - Lee's Rapid Deconstr  Erth           ######....   1%          5    ####...

Your spell library contained the following spells:

 Spells                   Type           Power        Failure   Level  Hunger


Dungeon Overview and Level Annotations

Branches:
Dungeon (1/1)

Altars:


Message History

Confirm with . or Enter, or press ? or * to list all spells.
Aiming: Sandblast (safe; 1% risk of failure)
Press: ? - help, Shift-Dir - straight line, f/p - tyrant leech
Aim: a tyrant leech (moderately wounded)
The blast of sand hits the tyrant leech!
The tyrant leech is heavily wounded.
b - 12 stones The tyrant leech bites you!
* * * LOW HITPOINT WARNING * * *
The tyrant leech draws strength from your injuries!
Casting: Sandblast (safe; 1% risk of failure)
Confirm with . or Enter, or press ? or * to list all spells.
Aiming: Sandblast (safe; 1% risk of failure)
Press: ? - help, Shift-Dir - straight line, f/p - tyrant leech
Aim: a tyrant leech (moderately wounded)
The blast of sand hits the tyrant leech.
The tyrant leech is moderately wounded.
b - 11 stones The tyrant leech bites you!
You die...

##+#
##..###
#@w##.#
####÷#.## #
##.###'##
.#
#...##w##.#
+##.'.<.'#
#...##.##†#
##.###'# .#
### $#. #
.. w.


You could see 2 tyrant leeches.

Vanquished Creatures
  2 hippogriffs (D)
  4 necrophages (D)
  3 worms (D)
9 creatures vanquished.

Notes
Turn   | Place    | Note
-------+----------+-------------------------------------------
     0 | D        | Ponchio the Deep Elf Earth Elementalist began the quest for
                  | the Orb.
     0 | D        | Reached XP level 1. HP: 10/10 MP: 6/6
     1 | D        | Noticed a hippogriff
     1 | D        | Noticed a hippogriff
     9 | D        | Reached skill level 4 in Earth Magic
    64 | D        | Reached skill level 5 in Earth Magic
    64 | D        | Reached XP level 2. HP: 7/15 MP: 3/9
   220 | D        | Learned a level 2 spell: Passwall
   235 | D        | Noticed a necrophage
   235 | D        | Noticed a necrophage
   235 | D        | Noticed a necrophage
   235 | D        | Noticed a necrophage
   243 | D        | Killed a necrophage
   243 | D        | Reached skill level 8 in Earth Magic
   243 | D        | Reached XP level 3. HP: 19/19 MP: 5/13
   243 | D        | Reached XP level 4. HP: 24/24 MP: 5/15
   245 | D        | Killed a necrophage
   245 | D        | Reached skill level 10 in Earth Magic
   245 | D        | Reached XP level 5. HP: 28/28 MP: 3/18
   342 | D        | Learned a level 3 spell: Stone Arrow
   347 | D        | Learned a level 4 spell: Petrify
   353 | D        | Learned a level 5 spell: Lee's Rapid Deconstruction
   356 | D        | Killed a necrophage
   356 | D        | Reached skill level 11 in Earth Magic
   357 | D        | Killed a necrophage
   357 | D        | Reached skill level 10 in Spellcasting
   357 | D        | Reached skill level 12 in Earth Magic
   357 | D        | Reached XP level 6. HP: 32/32 MP: 3/21
   472 | D        | Killed a hippogriff
   472 | D        | Reached XP level 7. HP: 42/42 MP: 11/23
   472 | D        | Killed a hippogriff
   472 | D        | Reached skill level 5 in Fighting
   472 | D        | Reached skill level 5 in Dodging
   542 | D        | Noticed a tyrant leech
   542 | D        | Noticed a tyrant leech
   559 | D        | Mangled by a tyrant leech

Levels and vault maps discovered:
D:        the_violet_keep_of_menkaure [sprint2_stairs_cluster_1,
          sprint2_shoproom, sprint2_temple, sprint2_basic_supplies,
          sprint2_obstacle_6, sprint2_obstacle_3, sprint2_obstacle_5,
          sprint2_obstacle_2, sprint2_obstacle_4, sprint2_timed_cluster_1,
          sprint2_smallroom_cluster_1, sprint2_smallroom_final_cluster_1,
          sprint2_transparent_cluster_1, sprint2_second_timed_cluster_1,
          sprint2_sniper_area_1, sprint2_heavy_combat_area_1,
          sprint2_mutation_trap_area_1, sprint2_forest_area_1,
          sprint2_light_combat_area_1, sprint2_behind_water_1,
          sprint2_near_end_vault_1]

Skill      XL: |  1  2  3  4  5  6  7 |
---------------+----------------------+-----
Earth Magic    | 5 8 10 12 | 12.3
Spellcasting   | 4 7 8 10 11 | 11.9
Fighting       | 3 5 |  5.2
Dodging        | 4 5 |  5.9
Stealth        | |  2.4
Transmutations | |  1.1

Action                   |  1- 3 |  4- 6 |  7- 9 || total
-------------------------+-------+-------+-------++-------
 Cast: Sandblast         |    11 |     3 |     5 ||    19
       Lee's Rapid Decon |       |     4 |     5 ||     9
  Use: Potion            |       |       |     1 ||     1
Armor: Robe              |     1 |       |       ||     1
Dodge: Dodged            |       |       |     1 ||     1
